 Dungeon Crawl Stone Soup version 0.21-b1-21-g86478ac299 (webtiles) character file.

44 Jerry the Slasher (level 3, -1/46 HPs)
             Began as a Gnoll Wanderer on Jan 5, 2018.
             Slain by an ogre
             ... wielding a +0 giant club
              (18 damage)
             ... on level 2 of the Dungeon.
             The game lasted 00:04:06 (1455 turns).

Jerry the Slasher (Gnoll Wanderer)                  Turns: 1455, Time: 00:04:06

Health: -1/46      AC: 21    Str: 14    XL:     3   Next: 60%
Magic:  7/7        EV:  2    Int: 17    God:
Gold:   19         SH:  0    Dex: 12    Spells: 7/7 levels left

rFire    . . .     SeeInvis .   a - +2 falchion
rCold    . . .     Gourm    .   (no shield)
rNeg     + + +     Faith    .   (armour currently unavailable)
rPois    +         Spirit   .   (helmet currently unavailable)
rElec    .         Reflect  .   (cloak currently unavailable)
rCorr    .         Harm     .   (gloves currently unavailable)
MR       .....     NoTele   +   (boots currently unavailable)
Stlth    +.........             (no amulet)
HPRegen  0.15/turn              (no ring)
MPRegen  0.10/turn              (no ring)

@: tree-form
A: distributed training, strong nose
a: no special abilities


You were on level 2 of the Dungeon.
You were not hungry.
You were a tree.
You visited 1 branch of the dungeon, and saw 2 of its levels.

You collected 19 gold pieces.

Inventory:

Hand Weapons
 a - a +2 falchion (weapon)
 g - a +2 dagger of flaming
Armour
 l - a +0 leather armour (melded)
Scrolls
 e - a scroll of remove curse {unknown}
 i - a scroll of immolation {unknown}
 j - 3 scrolls of identify {unknown}
 m - a scroll of magic mapping {unknown}
Potions
 c - 2 potions of curing
 d - a potion of invisibility {unknown}
 k - a potion of magic {unknown}
Comestibles
 f - a ration


   Skills:
 + Level 4.5 Fighting
 + Level 0.8 Short Blades
 + Level 6.5 Long Blades
 + Level 0.8 Axes
 + Level 0.8 Maces & Flails
 + Level 0.8 Polearms
 + Level 0.8 Staves
 + Level 0.8 Slings
 + Level 0.8 Bows
 + Level 0.8 Crossbows
 + Level 0.8 Throwing
 + Level 0.8 Armour
 + Level 0.8 Dodging
 + Level 0.8 Stealth
 + Level 0.8 Shields
 + Level 0.8 Unarmed Combat
 + Level 2.8 Spellcasting
 + Level 3.7 Conjurations
 + Level 0.5 Hexes
 + Level 0.5 Charms
 + Level 0.5 Summonings
 + Level 0.5 Necromancy
 + Level 0.5 Translocations
 + Level 0.5 Transmutations
 + Level 0.5 Fire Magic
 + Level 0.5 Ice Magic
 + Level 0.5 Air Magic
 + Level 0.5 Earth Magic
 + Level 0.5 Poison Magic
 + Level 1.0 Invocations
 + Level 4.5 Evocations


You had 7 spell levels left.
You didn't know any spells.

Dungeon Overview and Level Annotations

Branches:
Dungeon (2/15)

Altars:
Elyvilon
Gozag
Hepliaklqana
Qazlal


Innate Abilities, Weirdness & Mutations

Your experience applies equally to all skills.
((You have very sharp teeth.))
Your uncanny sense of smell can sniff out nearby items.


Message History

You turn into a tree.
Your +0 leather armour melds into your body.
Your roots penetrate the ground.
You completely miss the ogre. The ogre hits you but does no damage.
You completely miss the ogre. The ogre hits you with a giant club!
You hit the ogre.
The ogre is lightly wounded.
You hit the ogre.
The ogre is lightly wounded.
The ogre barely misses you.
You slash the ogre!
The ogre is heavily wounded.
The ogre hits you with a giant club!
You barely miss the ogre.
The ogre is heavily wounded.
The ogre hits you with a giant club.
You barely miss the ogre.
The ogre is heavily wounded.
The ogre hits you with a giant club!!
You die...

...##.####..##...
#...+..)..........
∆
#...######...####
#...# #...#
####### #...#
#...###.#_#_###
#...
###.8.#.#.#.#.##
#............#
#..........._#
#♣8.#.#.#.#.(#
#O#.#.###_#.##
#g###########
#........#####
###..#.......#
##.#.(.....#
#....$....# ∆
##..#.Og.###.
#..#......'.


You could see an ogre and a hobgoblin.

Vanquished Creatures
  An adder (D:2)
  3 leopard geckos
  A ball python (D:1)
  5 bats (D:1)
  5 giant cockroaches
  3 goblins (D:1)
  2 hobgoblins (D:1)
  6 kobolds
  2 frilled lizards (D:1)
  A rat (D:1)
29 creatures vanquished.

Notes
Turn   | Place    | Note
-------+----------+-------------------------------------------
     0 | D:1      | Jerry the Gnoll Wanderer began the quest for the Orb.
     0 | D:1      | Jerry set off with: a +2 falchion, a potion of lignification, a potion of curing, a +0 robe, a ration
     0 | D:1      | Reached XP level 1. HP: 20/20 MP: 4/4
    86 | D:1      | Reached XP level 2. HP: 14/26 MP: 5/5
   561 | D:1      | Reached XP level 3. HP: 30/31 MP: 7/7
  1345 | D:2      | Reached skill level 1 in Invocations
  1357 | D:2      | Found an opulent altar of Gozag.
  1358 | D:2      | Found a stormy altar of Qazlal.
  1359 | D:2      | Found a white marble altar of Elyvilon.
  1360 | D:2      | Found a hazy altar of Hepliaklqana.
  1433 | D:2      | Noticed an ogre
  1455 | D:2      | Slain by an ogre

Skill      XL: |  1  2  3 |
---------------+----------+-----
Invocations    | 1 |  1.0
Fighting       | |  4.5
Short Blades   | |  0.8
Long Blades    | |  6.5
Axes           | |  0.8
Maces & Flails | |  0.8
Polearms       | |  0.8
Staves         | |  0.8
Slings         | |  0.8
Bows           | |  0.8
Crossbows      | |  0.8
Throwing       | |  0.8
Armour         | |  0.8
Dodging        | |  0.8
Stealth        | |  0.8
Shields        | |  0.8
Unarmed Combat | |  0.8
Spellcasting   | |  2.8
Conjurations   | |  3.7
Hexes          | |  0.5
Charms         | |  0.5
Summonings     | |  0.5
Necromancy     | |  0.5
Translocations | |  0.5
Transmutations | |  0.5
Fire Magic     | |  0.5
Ice Magic      | |  0.5
Air Magic      | |  0.5
Earth Magic    | |  0.5
Poison Magic   | |  0.5
Evocations     | |  4.5

Action                   || total
-------------------------++-------
Melee: Falchion          ||    76
       Bite              ||     6
  Use: Potion            ||     1
  Eat: Chunk             ||     2
Armor: Robe              ||    11
       Leather armour    ||     2
       Skin              ||     1
Dodge: Dodged            ||    53
       Rpst.: Falchion   ||    12
